[Event "Budapest Chess Festival 2024"]
[Site "Budapest"]
[Date "2024.05.28"]
[Round "6.10"]
[White "Berkes, Ferenc"]
[Black "Filip, Andrei"]
[Result "1-0"]
[ECO "E14"]
[WhiteElo "2618"]
[BlackElo "2286"]
[Annotator "TA"]
[PlyCount "47"]
[EventDate "2024.05.20"]
[EventType "swiss"]
[EventCountry "HUN"]
[SourceTitle "playchess.com"]
[Source "ChessBase"]
[SourceQuality "1"]
[TimeControl "40/5400+30:1800+30"]

1. d4 Nf6 2. Nf3 e6 3. c4 b6 4. e3 Bb7 5. Bd3 c5 6. Nc3 cxd4 7. exd4 Be7 8. O-O d5 9. cxd5 Nxd5 10. Ne5 O-O 11. Qg4 Nf6 12. Qh4 Ne4 13. Qh3 Qxd4 14. Bf4 {[%emt 0:02:17] And now Rad1 would win.} Nf6 15. Ne2 {[%emt 0:03:08] The board is on fire. White is slightly better.} Qa4 (15... Qxb2 $2 16. a3 $18) 16. Rfc1 $40 {[%emt 0:13:27][%mdl 128] Threatens to win with Bg5. Black needs to defend precisely.} Qe8 (16... Na6 $14) 17. Ng4 $1 $16 {[%emt 0:17:03] White is much more active. The black rooks are passive.} h5 18. Nxf6+ Bxf6 19. Bd6 (19. Qxh5 g6 20. Qh3 Nc6 $14 (20... Bxb2 $2 21. Rc7 $18)) (19. Rc7 $1 $16 {[%cal Oh3h5] White wants to mate with Qxh5!} Ba6 20. Be4 Bxe2 21. Bxa8) 19... Bxb2 $1 $11 20. Nf4 {[%emt 0:00:05] [#]} g6 $1 21. Nxh5 (21. Bxf8 Kxf8) 21... gxh5 $2 (21... Qd7 $1 $11 22. Bxg6 fxg6 (22... Qxd6 $2 23. Nf6+ Kg7 24. Ne8+ Kxg6 25. Nxd6 $18)) 22. Rc7 $18 {[%emt 0:00:12][%cal Oh3h5] Intending Qxh5! and mate.} (22. Qxh5 f5 23. Qg5+ Bg7 $16) 22... Bg7 $2 ({Worse is} 22... Bxa1 23. Qxh5 (23. Rxb7 Nd7 $11) (23. Rxb7 Nd7 $11)) (22... Nd7 $18) 23. Qxh5 f5 {[%emt 0:00:21] [#]} 24. Rxg7+ $1 {[%emt 0:00:11] Weighted Error Value: White=0.16 (very precise) /Black=0.84.  Loses game:     	---       	Black=1      Mistake:       	White=2     	Black=3      OK:         	White=6     	Black=4      Best:        	White=1     	Black=1      Strong:       	White=1     	Black=1} 1-0

[Event "Budapest Chess Festival 2024"]
[Site "Budapest"]
[Date "2024.05.28"]
[Round "6.11"]
[White "Aizenberg, Benny"]
[Black "Kozak, Adam"]
[Result "1-0"]
[ECO "B15"]
[WhiteElo "2403"]
[BlackElo "2607"]
[Annotator "RC"]
[PlyCount "117"]
[EventDate "2024.05.20"]
[EventType "swiss"]
[EventCountry "HUN"]
[SourceTitle "playchess.com"]
[Source "ChessBase"]
[SourceQuality "1"]
[TimeControl "40/5400+30:1800+30"]

1. e4 c6 2. d4 d5 3. Nc3 g6 4. e5 Bg7 5. f4 h5 6. Nf3 Nh6 7. g3 Bg4 8. h3 Bf5 9. Be3 a5 10. Bd3 a4 11. Bxf5 Nxf5 12. Kf2 Nxe3 13. Kxe3 e6 14. Qd3 Qa5 15. g4 Na6 16. a3 Nc7 17. Ne2 Qb6 18. Kd2 Bf8 19. gxh5 Rxh5 20. h4 c5 21. Ng3 Rh6 22. h5 cxd4 23. Rab1 Be7 24. Ng5 gxh5 25. Nxh5 Rg6 26. Rhg1 Kd7 27. Ke2 Rh8 28. Rh1 Bxg5 29. fxg5 Kc8 30. Nf6 Rd8 31. Rhg1 Rh8 32. Rh1 Rd8 33. Rhg1 Rf8 34. b3 axb3 35. Rxb3 Qc6 36. Kd1 Qc5 37. Kc1 Rh8 38. Kb2 Qc4 39. Qd2 Qc5 40. Rg4 b5 41. Rxd4 Qb6 42. Rc3 Kd8 43. Qf2 Kc8 44. Ne4 dxe4 45. Qxf7 Kb8 46. Rd6 Qa5 47. Qxg6 b4 48. axb4 Qxe5 49. Qf6 Qxd6 50. Qxh8+ Kb7 51. Qg7 e3 52. Qxc7+ Qxc7 53. Rxc7+ Kxc7 54. Kc3 Kd6 55. Kd3 Ke5 56. Kxe3 Kf5 57. b5 Kxg5 58. b6 Kf5 59. b7 1-0

[Event "Budapest Chess Festival 2024"]
[Site "Budapest"]
[Date "2024.05.28"]
[Round "6.12"]
[White "Nguyen, Piotr"]
[Black "Antal, Gergely"]
[Result "1/2-1/2"]
[ECO "A06"]
[WhiteElo "2402"]
[BlackElo "2586"]
[Annotator "TA"]
[PlyCount "59"]
[EventDate "2024.05.20"]
[EventType "swiss"]
[EventCountry "HUN"]
[SourceTitle "playchess.com"]
[Source "ChessBase"]
[SourceQuality "1"]
[TimeControl "40/5400+30:1800+30"]

1. Nf3 d5 2. g3 Nf6 3. Bg2 e6 4. O-O Bd6 5. c4 O-O 6. d4 Nc6 7. b3 dxc4 8. bxc4 e5 9. c5 Be7 10. dxe5 Qxd1 11. Rxd1 Ne4 {[%emt 0:00:05] Against Nc3} 12. Bb2 Nxc5 13. Nc3 Be6 14. Ba3 Rad8 {[%emt 0:08:52] [#]} 15. Ng5 $1 Nxe5 16. Nxe6 fxe6 17. Bxb7 Nc4 18. Bxc5 Bxc5 (18... Rxd1+ 19. Nxd1 Bxc5 20. Bg2) 19. e3 Rb8 (19... Bb6 $11 {is superior.}) 20. Rab1 Nd6 21. Bg2 Rfd8 22. Rbc1 Bb4 {[%emt 0:11:47] [#]} (22... Bb6 $14) 23. Ne2 $1 $16 c5 {[%emt 0:01:49] Wards off Nd4} 24. Nf4 Kf7 25. Nd3 {[%emt 0:04:01] White has more active pieces.} Ba3 26. Rc3 Nb5 {[%emt 0:02:14] White is slightly better.} 27. Rc4 Ke7 28. Bf3 Rb6 29. Be2 (29. Nxc5 Rxd1+ 30. Bxd1 Nd6 $19) 29... a5 30. Kg2 {[%emt 0:04:10] Weighted Error Value: White=0.09 (flawless) /Black=0.09 (flawless) .  Mistake:       	---       	Black=2      Inaccurate:     	White=6     	---        OK:         	White=9     	Black=12     Best:        	White=1     	---        Strong:       	White=1     	---} (30. Nxc5 $2 {is the wrong capture.} Rxd1+ 31. Bxd1 Nd6 $19) 1/2-1/2

[Event "Budapest Chess Festival 2024"]
[Site "Budapest"]
[Date "2024.05.28"]
[Round "6.15"]
[White "Karacsonyi, Gellert"]
[Black "Mihok, Oliver"]
[Result "1/2-1/2"]
[ECO "B48"]
[WhiteElo "2389"]
[BlackElo "2528"]
[Annotator "TA"]
[PlyCount "120"]
[EventDate "2024.05.20"]
[EventType "swiss"]
[EventCountry "HUN"]
[SourceTitle "playchess.com"]
[Source "ChessBase"]
[SourceQuality "1"]
[TimeControl "40/5400+30:1800+30"]

1. e4 c5 2. Nf3 e6 3. d4 cxd4 4. Nxd4 Nc6 5. Nc3 Qc7 6. Be3 a6 7. Qd2 Nf6 8. f4 {[%emt 0:00:08] B48: Sicilian: Taimanov: 5 Nc3 Qc7 6 Be3 a6 without Be2.} Bb4 9. Bd3 b5 10. e5 $146 ({Predecessor:} 10. a3 Be7 11. e5 Ng4 12. Nxc6 dxc6 13. Ne4 Nxe3 14. Qxe3 Bb7 15. b4 c5 16. Nxc5 Bxc5 17. Qxc5 Qxc5 18. bxc5 {1-0 Guseinov,G (2636)-Matlakov,M (2670) Wch Blitz Samarkand 2023 (13)}) 10... Nd5 11. Nxc6 dxc6 12. O-O O-O 13. a3 Bxc3 14. bxc3 c5 15. c4 bxc4 16. Bxc4 Bb7 17. Bxd5 Bxd5 18. c4 Bxc4 19. Rfc1 Rfd8 20. Qc2 Bd3 21. Qxc5 Qb7 22. Qb4 Rab8 23. Qxb7 Rxb7 24. Rc6 Be4 25. Rc4 Bf5 26. Rac1 h5 27. Rc8 Rxc8 28. Rxc8+ Kh7 29. Rc3 Be4 30. h3 Rb1+ 31. Bc1 h4 32. Kf2 Ra1 33. Bb2 $2 ({White should play} 33. g3 $15) 33... Rd1 $2 (33... Ra2 $19 34. Rb3 Bd5) 34. Bc1 Rh1 35. Rc4 Bd5 36. Rc2 Be4 ({Better is} 36... Kg6 $17 37. Be3 Rb1) 37. Rc4 $1 $15 Bd5 (37... Bd3 $15 38. Rc7 Rd1) 38. Rc2 $1 $17 Kg6 39. Be3 Ra1 40. Bc5 Kf5 41. Bf8 (41. Ke3 $142) 41... Kxf4 $17 42. Bxg7 Rxa3 43. Bf6 {[%emt 0:00:10] [#]} a5 $1 44. Re2 (44. Be7 {was necessary.} Ra1 45. Bxh4) 44... a4 $19 45. Bxh4 Ra1 46. g3+ Kf5 47. g4+ Kf4 48. Be7 a3 49. Bb4 Kg5 50. Re1 Rxe1 51. Kxe1 a2 52. Bc3 Kh4 53. Kd2 Kxh3 54. Kc1 Kxg4 55. Kb2 Kf4 56. Ka1 Ke4 57. Bb2 Kf4 58. Bc3 f5 (58... Bc4 $17 {White should prevent ...Ke4.} 59. Kb2 Kf5) 59. exf6 $11 e5 60. Bxe5+ $1 Kxe5 1/2-1/2

[Event "Budapest Chess Festival 2024"]
[Site "Budapest"]
[Date "2024.05.28"]
[Round "6.16"]
[White "Cieslak, Patryk"]
[Black "Haring, Filip"]
[Result "0-1"]
[ECO "C78"]
[WhiteElo "2369"]
[BlackElo "2484"]
[Annotator "TA"]
[PlyCount "109"]
[EventDate "2024.05.20"]
[EventType "swiss"]
[EventCountry "HUN"]
[SourceTitle "playchess.com"]
[Source "ChessBase"]
[SourceQuality "1"]
[TimeControl "40/5400+30:1800+30"]

1. e4 e5 2. Nf3 Nc6 3. Bb5 a6 4. Ba4 Nf6 5. O-O b5 6. Bb3 Be7 7. d3 d6 8. c3 O-O 9. h3 {[%emt 0:00:12] is more profitable than 9.Re1 at the moment.} Na5 10. Bc2 c5 {[%emt 0:00:19] C55: Two Knights: 4 d3, 4 d4 exd4 5 e5 and Max Lange Attack.} 11. d4 Qc7 12. d5 c4 (12... Nd7 $11) 13. b4 $14 cxb3 14. axb3 Nb7 $146 ({Predecessor:} 14... Bd7 15. Be3 Rfc8 16. Bd3 Bd8 17. Nfd2 Qb8 18. Qe2 Bb6 19. b4 Nc4 20. Bxc4 bxc4 21. Bxb6 Qxb6 {1-0 Tabatabaei,M (2677)-Davtyan,A (2506) Jermuk Avagyan Memorial 2023 (3)}) 15. Bd2 Nc5 16. Qe2 g6 17. b4 Ncd7 18. Na3 Nb6 19. Bd3 Bd7 20. c4 bxc4 21. Nxc4 Nxc4 22. Bxc4 Bb5 23. Bxb5 axb5 24. Rxa8 Rxa8 25. Rc1 (25. Qxb5 Nxe4 26. Qd3 Nf6 $11) 25... Qb7 26. Bg5 Ra4 27. Qc2 Rxb4 (27... Qb8 $11) 28. Qc6 $1 $16 Qb8 (28... Qxc6 $2 29. dxc6 Ra4 (29... Rxe4 $2 30. c7 $18) (29... Rc4 $2 30. Rxc4 Ne8 31. c7 $18) 30. c7 $18) 29. Nxe5 $1 Rxe4 30. Nd7 ({White should play} 30. Qa6 $14 Rxe5 31. Rc8+ Qxc8 32. Qxc8+ Kg7 33. Bd2) 30... Qd8 {[%emt 0:06:11] [#]} (30... Nxd7 $11 31. Qxd7 Bxg5 32. Rc8+ Qxc8 33. Qxc8+ Kg7) 31. Qb7 $2 (31. Ra1 $1 $16 {[%cal Ra1a8] stays on course.} Ra4 (31... Nxd7 32. Ra8 $11) 32. Nxf6+ Bxf6 33. Re1 Bxg5 34. Re8+ (34. Qxb5 $2 Qa5 $19) 34... Qxe8 35. Qxe8+ Kg7 36. Qxb5 Ra1+ 37. Kh2) 31... Qxd7 $19 ({And not} 31... Nxd7 32. Rc8 Bxg5 (32... Re1+ $2 33. Kh2 $18) 33. Rxd8+ Bxd8 34. Qxd7 $11) 32. Rc8+ Bf8 33. Bh6 Re8 ({Not} 33... Qxb7 34. Rxf8#) 34. Qxd7 Re1+ 35. Kh2 Nxd7 36. Rd8 f6 37. Bf4 Re7 38. Bxd6 Rf7 39. Bb4 Kg7 40. d6 Ne5 41. Rc8 Rd7 42. Rc7 Kf7 43. f4 Bxd6 $1 44. Rxd7+ Nxd7 45. Bxd6 Ke6 46. Ba3 Kd5 47. f5 g5 48. h4 gxh4 49. Kh3 Ke4 50. Kxh4 Kxf5 51. Kh5 Ne5 52. Bb2 b4 53. Kh6 b3 54. Kxh7 Nd3 55. g4+ 0-1

[Event "Budapest Chess Festival 2024"]
[Site "Budapest"]
[Date "2024.05.28"]
[Round "6.17"]
[White "Csonka, Balazs"]
[Black "Borgaonkar, Akshay"]
[Result "1/2-1/2"]
[ECO "D12"]
[WhiteElo "2480"]
[BlackElo "2372"]
[Annotator "TA"]
[PlyCount "33"]
[EventDate "2024.05.20"]
[EventType "swiss"]
[EventCountry "HUN"]
[SourceTitle "playchess.com"]
[Source "ChessBase"]
[SourceQuality "1"]
[TimeControl "40/5400+30:1800+30"]

1. d4 d5 2. c4 c6 3. Nf3 Nf6 4. e3 Bf5 5. Nc3 e6 6. Nh4 Bg6 7. Bd2 Nbd7 8. Nxg6 hxg6 9. Qb3 {[%emt 0:00:10] White has an edge.} Qc7 10. cxd5 exd5 11. h4 Be7 12. Be2 Nb6 13. O-O-O a5 14. Kb1 a4 15. Qc2 Nc4 16. Bc1 (16. Nxa4 $2 {perishes.} Nxd2+ 17. Rxd2 Ne4 $19) 16... Qa5 17. e4 {[%emt 0:25:55] A rather calm draw.   Weighted Error Value: White=0.10 (very precise) /Black=0.03 (flawless) .  Mistake:       	White=1     	---        Inaccurate:     	White=1     	---        OK:         	White=3     	Black=5} ({Better is} 17. a3 $11) 1/2-1/2

[Event "Budapest Chess Festival 2024"]
[Site "Budapest"]
[Date "2024.05.28"]
[Round "6.18"]
[White "Horvath, Adam"]
[Black "Moksh Amit Doshi"]
[Result "1-0"]
[ECO "B51"]
[WhiteElo "2448"]
[BlackElo "2359"]
[Annotator "RC"]
[PlyCount "89"]
[EventDate "2024.05.20"]
[EventType "swiss"]
[EventCountry "HUN"]
[SourceTitle "playchess.com"]
[Source "ChessBase"]
[SourceQuality "1"]
[TimeControl "40/5400+30:1800+30"]

1. e4 c5 2. Nf3 d6 3. Bb5+ Nd7 4. O-O a6 5. Be2 Ngf6 6. d3 e6 7. a4 b6 8. Nfd2 Be7 9. f4 O-O 10. Bf3 Bb7 11. Nc3 Qc7 12. g4 Nb8 13. g5 Nfd7 14. Bg2 Nc6 15. Nc4 Nd4 16. Ne2 Nxe2+ 17. Qxe2 Rfe8 18. Ne3 Bf8 19. b3 d5 20. exd5 exd5 21. Qf3 Rad8 22. c4 b5 23. axb5 axb5 24. Nxd5 Bxd5 25. Qxd5 b4 26. Qf3 g6 27. Bb2 Qd6 28. Qh3 Re2 29. Rab1 Rde8 30. f5 Ne5 31. Bd5 gxf5 32. Rxf5 Re7 33. Rf6 Qd7 34. Qxd7 Nxd7 35. Rf2 Bg7 36. Bxf7+ Kh8 37. Bxg7+ Kxg7 38. Bd5 R2e3 39. Ra1 Kg6 40. Ra8 Kxg5 41. Rg8+ Kh6 42. Rf4 Re1+ 43. Kg2 R1e2+ 44. Kh3 R2e5 45. Bf3 1-0

[Event "Budapest Chess Festival 2024"]
[Site "Budapest"]
[Date "2024.05.28"]
[Round "6.19"]
[White "Jeet, Jain"]
[Black "Deuer, Marius"]
[Result "0-1"]
[ECO "B12"]
[WhiteElo "2332"]
[BlackElo "2436"]
[Annotator "RC"]
[PlyCount "104"]
[EventDate "2024.05.20"]
[EventType "swiss"]
[EventCountry "HUN"]
[SourceTitle "playchess.com"]
[Source "ChessBase"]
[SourceQuality "1"]
[TimeControl "40/5400+30:1800+30"]

1. e4 c6 2. d4 d5 3. e5 Bf5 4. h4 h6 5. Nc3 e6 6. g4 Bh7 7. Bd3 Bxd3 8. Qxd3 c5 9. Nce2 cxd4 10. Nxd4 Bc5 11. c3 h5 12. gxh5 Rxh5 13. Ngf3 Bxd4 14. cxd4 Ne7 15. Bg5 Qa5+ 16. Ke2 Nf5 17. b4 Qxb4 18. Rab1 Qa4 19. Rhc1 Nc6 20. Rxb7 Kf8 21. Rc7 Ncxd4+ 22. Nxd4 Rxg5 23. hxg5 Nxd4+ 24. Kf1 Nf5 25. Qb3 Qa6+ 26. Kg2 Nh4+ 27. Kg3 Nf5+ 28. Kh2 Kg8 29. Qh3 Rf8 30. R7c2 Qa4 31. Rc8 Qf4+ 32. Kh1 Qxe5 33. Qa3 Qe4+ 34. Kg1 Qg4+ 35. Kf1 Rxc8 36. Rxc8+ Kh7 37. Qxa7 Qd1+ 38. Kg2 Qg4+ 39. Kf1 Qd1+ 40. Kg2 Nh4+ 41. Kg3 Qh1 42. f3 Kg6 43. Rf8 Qe1+ 44. Kh3 Nf5 45. Qxf7+ Kxg5 46. f4+ Kxf4 47. Kg2 Qe2+ 48. Kg1 Qe1+ 49. Kg2 Qe2+ 50. Kg1 g5 51. Re8 Kf3 52. Qh5+ g4 0-1

[Event "Budapest Chess Festival 2024"]
[Site "Budapest"]
[Date "2024.05.28"]
[Round "6.20"]
[White "Gschnitzer, Adrian"]
[Black "Lohia, Sohum"]
[Result "1-0"]
[ECO "E06"]
[WhiteElo "2431"]
[BlackElo "2284"]
[Annotator "RC"]
[PlyCount "129"]
[EventDate "2024.05.20"]
[EventType "swiss"]
[EventCountry "HUN"]
[SourceTitle "playchess.com"]
[Source "ChessBase"]
[SourceQuality "1"]
[TimeControl "40/5400+30:1800+30"]

1. d4 Nf6 2. c4 e6 3. Nf3 d5 4. g3 Be7 5. Bg2 O-O 6. O-O dxc4 7. Qc2 b6 8. Bg5 Nd5 9. Bxe7 Qxe7 10. Nbd2 b5 11. h4 Bb7 12. b3 c5 13. bxc4 bxc4 14. dxc5 Nd7 15. e4 N5f6 16. e5 Nd5 17. Rab1 Nxc5 18. Nxc4 Ba6 19. Rfc1 Rab8 20. Rxb8 Rxb8 21. Na5 Nd3 22. Nc6 Qc7 23. Nxb8 Nxc1 24. Qxc7 Nxc7 25. Nxa6 Nxa6 26. a3 Nc5 27. Nd4 a5 28. f4 h6 29. h5 g5 30. hxg6 fxg6 31. Bf1 Kf7 32. Kf2 a4 33. Ke3 N1b3 34. Bc4 Na5 35. Bb5 g5 36. fxg5 hxg5 37. Nc6 Nab3 38. g4 Kf8 39. Nd4 Kf7 40. Nc6 Kf8 41. Nd4 Kf7 42. Ne2 Na1 43. Kd4 Nab3+ 44. Kc4 Nb7 45. Bxa4 Nd2+ 46. Kb4 Nd8 47. Nd4 Nf1 48. Bb5 Ne3 49. a4 Nd5+ 50. Ka3 Ke7 51. a5 Nf7 52. Nc6+ Kf8 53. a6 Nc7 54. Be2 Ke8 55. Kb4 Kd7 56. Kc5 Kc8 57. a7 Kb7 58. Bf3 Na6+ 59. Kc4 Nh6 60. Kb5 Nc7+ 61. Kc5 Ne8 62. Be2 Nc7 63. Kd6 Nf7+ 64. Kd7 Na8 65. Bf3 1-0

[Event "Budapest Chess Festival 2024"]
[Site "Budapest"]
[Date "2024.05.29"]
[Round "7.1"]
[White "Onyshchuk, Volodymyr"]
[Black "Ivanisevic, Ivan"]
[Result "0-1"]
[ECO "A06"]
[WhiteElo "2619"]
[BlackElo "2537"]
[Annotator "TA"]
[PlyCount "94"]
[EventDate "2024.05.20"]
[EventType "swiss"]
[EventCountry "HUN"]
[SourceTitle "playchess.com"]
[Source "ChessBase"]
[SourceQuality "1"]
[TimeControl "40/5400+30:1800+30"]

1. Nf3 d5 2. g3 Nc6 3. d4 Bf5 4. Bg2 Nb4 5. Na3 e6 6. c3 {[%emt 0:01:15] D02: 1 d4 d5 2 Nf3 sidelines, including 2...Nf6 3 g3 and 2...Nf6 3 Bf4.} Nc6 7. Qb3 Bxa3 8. Qxa3 Nge7 9. Qb3 $146 ({Predecessor:} 9. O-O a5 10. Nd2 a4 11. e4 Bg4 12. Re1 O-O 13. h3 Bh5 14. exd5 exd5 15. Nf1 {0-1 Arsovic,Z (2376)-Sedlak,N (2559) Belgrade Vucicevic Memorial blitz 2019 (6)}) 9... a5 10. Nh4 a4 11. Qd1 Bg4 12. h3 Bh5 13. g4 Bg6 14. Nxg6 Nxg6 15. Rg1 Qd6 16. Qd3 O-O 17. Bh1 Na5 18. Qg3 Qe7 19. f4 Rfe8 20. Qf2 Nc4 21. e4 dxe4 22. Bxe4 e5 23. fxe5 {[%emt 0:00:06] [#]} (23. dxe5 $2 Ncxe5 24. fxe5 Qxe5 $19) 23... c5 (23... Ngxe5 $1 $15 24. Kd1 (24. dxe5 $2 Qxe5 25. Qe2 Qxe4 $19) 24... Nd6) 24. Kf1 $1 $11 (24. dxc5 $2 Qxe5 25. Qf5 Qxe4+ $19) 24... cxd4 25. cxd4 a3 26. bxa3 Ncxe5 (26... Ngxe5 {seems wilder.} 27. Rg3 Rad8 28. Bg2 Nc6) 27. Rb1 (27. dxe5 Qxe5 28. Bxb7 Qb5+ (28... Qxa1 $2 29. Kg2 $19) 29. Kg2 Qxb7+ 30. Kh2 Qb5 $19) (27. Rg3 $5 Nc4 28. Bd5 $11) 27... Nc6 28. Bxc6 ({Better is} 28. Bd3 $1 $15) 28... bxc6 $17 29. Rb3 Qe4 30. Be3 $2 (30. Re3 $17 Qd5 (30... Qxd4 $2 31. Rxe8+ Rxe8 32. Qxd4 $18) 31. Bd2) 30... c5 31. Qg2 c4 $2 (31... cxd4 32. Qxe4 Rxe4 33. Bd2 $19) (31... Qe7 $19 {has better winning chances.} 32. dxc5 Rab8 33. Rxb8 Rxb8) 32. Qxe4 $17 Rxe4 33. Rc3 {[%emt 0:00:03] [#]} Ne7 $1 34. Bf2 Ra4 35. Kg2 Nd5 36. Rb1 (36. Rf3 $15) 36... h5 $17 (36... Nxc3 37. Rb8+) 37. Rb8+ (37. Rf3 $17) 37... Kh7 $19 38. Rf3 hxg4 39. Rxf7 $2 (39. hxg4 Rxg4+ 40. Kh3) 39... gxh3+ $19 (39... Rxa3 $2 40. hxg4 Rxg4+ 41. Kf1 $19) 40. Kxh3 Rxa3+ 41. Kh2 Rg4 42. Rb2 Rd3 43. Be1 Nf4 ({Stronger than} 43... Rgxd4 44. Rg2 $11) 44. Kh1 Rd1 45. Re7 Nd3 (45... Rxd4 46. Rh2+ Kg6 47. Bc3 Rd1+ 48. Re1 $19) 46. Rh2+ Kg6 47. Rhe2 c3 ({Less strong is} 47... Rxd4 48. Kh2 $15) 0-1

[Event "Budapest Chess Festival 2024"]
[Site "Budapest"]
[Date "2024.05.29"]
[Round "7.2"]
[White "Sokolovsky, Yahli"]
[Black "Kadric, Denis"]
[Result "1-0"]
[ECO "B30"]
[WhiteElo "2484"]
[BlackElo "2558"]
[Annotator "TA"]
[PlyCount "47"]
[EventDate "2024.05.20"]
[EventType "swiss"]
[EventCountry "HUN"]
[SourceTitle "playchess.com"]
[Source "ChessBase"]
[SourceQuality "1"]
[TimeControl "40/5400+30:1800+30"]

1. e4 c5 2. Nf3 Nc6 3. Bb5 e6 4. O-O Nge7 5. Re1 b6 6. d4 Nxd4 7. Nxd4 cxd4 8. Qxd4 {[%emt 0:00:11] White is slightly better.} Qc7 9. Be3 Nc6 10. Qd2 Bd6 11. f4 g5 12. e5 {[%emt 0:03:18] White is more active.} (12. fxg5 Bxh2+ 13. Kh1 O-O $11) 12... Bb4 13. c3 gxf4 $2 (13... Be7 $1 $11) 14. cxb4 $18 (14. Bxf4 Be7 $14) 14... fxe3 15. Rxe3 {[%emt 0:00:24] And now Nc3 would win.} (15. Qxe3 Nxb4 16. Rc1 Nd5 $16) 15... Bb7 16. Na3 Rg8 {[%emt 0:08:51] [#]} 17. Nc4 ({White should play} 17. Rc1 $1 $18 a6 18. Bxc6 Bxc6 19. b5 axb5 (19... Rxg2+ $2 20. Qxg2 Bxg2 21. Rxc7 $18) 20. Nxb5) 17... Ke7 $2 (17... Nxe5 $1 $14 18. Nd6+ Ke7 19. Nxb7 a6 (19... Ng4 20. Rg3 $14) 20. Rxe5 axb5) 18. Rf1 Raf8 $2 (18... Nd4 19. Nd6 (19. Qxd4 $2 Rxg2+ 20. Kh1 Rg4+ $19) 19... Rxg2+ 20. Qxg2 Bxg2 21. Rxf7+ Kd8) 19. Rg3 {[%emt 0:03:58] Threatens to win with Qh6. White is clearly winning.} a6 {[%emt 0:19:20] [#]} 20. Qf4 $1 Kd8 {[%emt 0:00:06] [#]} 21. Nd6 $1 {[%emt 0:01:10] aiming for Rxg8.} Rxg3 22. hxg3 (22. Bxc6 Qxc6 23. Qxg3 Kc7 $16) 22... axb5 (22... Qb8 $142 23. a4 (23. Nxf7+ Kc7 $18) 23... Ne7 (23... axb5 $2 24. Qh6 $18)) 23. Qh6 Rg8 24. Rxf7 {[%emt 0:01:11] Weighted Error Value: White=0.41/Black=0.61.  Loses game:     	---       	Black=2      Missed win:     	White=1     	---        Mistake:       	---       	Black=2      Inaccurate:     	White=1     	Black=1      OK:         	White=3     	Black=6      Best:        	White=2     	---} (24. Nxb5 $2 {too greedy.} Qxe5 25. Rxf7 Qe1+ (25... Qxb5 $2 26. Qxh7 $19) 26. Rf1 Qxb4 $19 (26... Qxg3 27. Rf8+ Rxf8 28. Qxf8#)) 1-0

[Event "Budapest Chess Festival 2024"]
[Site "Budapest"]
[Date "2024.05.29"]
[Round "7.3"]
[White "Nasuta, Grzegorz"]
[Black "Popovic, Dusan"]
[Result "1-0"]
[ECO "B90"]
[WhiteElo "2547"]
[BlackElo "2486"]
[Annotator "TA"]
[PlyCount "73"]
[EventDate "2024.05.20"]
[EventType "swiss"]
[EventCountry "HUN"]
[SourceTitle "playchess.com"]
[Source "ChessBase"]
[SourceQuality "1"]
[TimeControl "40/5400+30:1800+30"]

1. e4 c5 2. Nf3 d6 3. d4 cxd4 4. Nxd4 Nf6 5. Nc3 a6 6. Be3 Nc6 7. Nb3 Ng4 8. Bd2 e5 9. Qe2 {[%emt 0:21:49] White is slightly better.} a5 10. a4 Be7 11. O-O-O f5 12. h3 Nf6 13. f4 Nd4 (13... O-O $14) 14. Qf2 (14. Nxd4 $16 exd4 15. Nd5) 14... Nxb3+ $14 15. cxb3 {[%emt 0:00:02] [#] Strongly threatening fxe5.} O-O $1 16. Bc4+ Kh8 17. fxe5 Nxe4 18. Nxe4 fxe4 19. Qd4 Bf5 20. exd6 {[%emt 0:02:08] White is much more active.} Qxd6 21. Qxd6 Bxd6 22. Be3 $36 {[%emt 0:00:08][%mdl 2048] White is really pushing.} Bb4 23. Rhf1 h6 (23... Rae8 $16 24. g4 Bg6) 24. Kc2 (24. g4 $18 Bg6 25. Rxf8+ Bxf8 26. Rd7) 24... Rac8 25. Rd5 Be6 26. Rxf8+ Bxf8 (26... Rxf8 $16 27. Re5 Bd7) 27. Rxa5 $18 Bxc4 28. bxc4 Rxc4+ $16 {[%emt 0:00:06][%mdl 4096] Endgame. KRB-KRB} 29. Kb3 Rc8 30. Re5 Kg8 31. Rxe4 Kf7 32. Rc4 Re8 33. Rc7+ Kg6 (33... Re7 $142 34. Rxe7+ Bxe7) 34. Bd4 Re4 (34... Re7 {keeps fighting.} 35. Rxe7 Bxe7) 35. Bc3 Re2 $2 {[%emt 0:00:40] [#]} (35... Re7 36. Rxe7 Bxe7) 36. Rxb7 $18 Rxg2 37. a5 {[%emt 0:00:21] Weighted Error Value: White=0.18 (very precise) /Black=0.38.  Mistake:       	White=2     	Black=6      Inaccurate:     	White=1     	Black=4      OK:         	White=13    	Black=4      Best:        	White=3     	Black=2      Strong:       	---       	Black=1} 1-0